AoeStats
← RagnarLothbrok

Lombardia

509876493Analyzed
4v4 RM · 3d ago on Sep 28, 2026· 32m 53s· 8 players
Game mode
Random Map
Map size
Large (8 player)
Population
200
Speed
Normal
Resources
Standard
Victory
Conquest
Starting age
Dark Age
Ending age
Imperial Age
RankedLock teamsTeams togetherTeam positionsShared explorationLock speedFull tech treeHidden civsTurbo modeCheats
Victory
Defeat
🇲🇽 Romans · Mexico
1423
+14
🇪🇸 Sicilians · Spain
1395
+15
🇩🇪 Slavs · Germany
1373
+16
🇻🇪 Mongols · Venezuela
1356
+18
🇨🇳 Burgundians · China
1401
-16
🇨🇳 Huns · China
1385
-16
🇻🇳 Magyars · Vietnam
1382
-16
🇮🇱 Magyars · Israel
1351
-15
Mike
7:16 Loom
9:03 Loom
11:23 Feudal Age
17:11 Castle Age
15:17 Double-Bit Axe
15:31 Horse Collar
18:18 Bow Saw
73624617386501790
6:16 Loom
8:45 Feudal Age
9:35 Double-Bit Axe
9:52 Horse Collar
13:44 Bloodlines
20:00 Castle Age
Melodies of Life
3:52 Loom
10:40 Feudal Age
11:56 Wheelbarrow
11:07 Double-Bit Axe
11:02 Horse Collar
20:48 Castle Age
18:47 Gold Mining
18:57 Stone Mining
帝国孙笑川
4:24 Double-Bit Axe
7:02 Loom
9:52 Feudal Age
8:48 Horse Collar
10:58 Wheelbarrow
10:56 Bow Saw
11:13 Heavy Plow
18:19 Castle Age
RagnarLothbrok
9:19 Loom
11:39 Feudal Age
11:42 Feudal Age
12:44 Double-Bit Axe
13:02 Horse Collar
15:57 Castle Age
14:14 Stone Mining
14:59 Stone Mining
23:16 Forging
23:24 Bow Saw
24:22 Wheelbarrow
24:29 Forging
24:44 Heavy Plow
25:47 Fletching
26:59 Gold Mining
31:01 Imperial Age
28:47 Town Watch
30:33 Bloodlines
30:22 Bodkin Arrow
31:04 Town Patrol
31:44 Bracer
32:56 Chemistry
31:36 Capped Ram
31:48 Spies/Treason
33:50 Drill
VaultBoy
7:45 Loom
10:17 Feudal Age
18:47 Castle Age
16:54 Fletching
17:53 Double-Bit Axe
17:49 Horse Collar
18:38 Gold Mining
19:46 Bow Saw
21:29 Bodkin Arrow
24:08 Husbandry
26:26 Wheelbarrow
26:18 Ballistics
35:47 Imperial Age
egenem17
10:13 Feudal Age
8:28 Loom
10:38 Feudal Age
15:24 Castle Age
14:17 Double-Bit Axe
16:30 Horse Collar
20:51 Bow Saw
21:55 Wheelbarrow
21:05 Town Watch
21:33 Bow Saw
23:46 Heavy Plow
24:34 Heavy Plow
30:13 Imperial Age
28:04 Hand Cart
28:40 Gold Mining
28:40 Stone Mining
31:58 Two-Man Saw
31:28 Crop Rotation
30:19 Capped Ram
31:36 Siege Ram
Kanon
6:45 Loom
9:21 Feudal Age
12:20 Horse Collar
18:45 Double-Bit Axe
21:28 Castle Age
20:20 Wheelbarrow
20:41 Gold Mining
22:39 Heavy Plow
27:24 Bow Saw
30:17 Imperial Age
29:14 Stone Mining
30:38 Gold Shaft Mining
31:42 Spies/Treason
32:53 Conscription
33:44 Crop Rotation
Connection lost

Rejoining the realm…

Still unreachable

The connection could not be restored.

Session expired

The server has moved on; the page needs a fresh start.